[Event "Early-Titled-Tuesday-Blitz-October-24-2023"]
[Site "Chess.com"]
[Date "2023.10.24"]
[Round "5"]
[White "scarabee43"]
[Black "DavidLana1987"]
[Result "1-0"]
[WhiteElo "2804"]
[BlackElo "2585"]
[TimeControl "180+1"]
[EndTime "8:50:34 PDT"]
[Termination "scarabee43 won by resignation"]

1. Nf3 Nf6 2. c4 e6 3. Nc3 d5 4. e3 Be7 5. b3 O-O 6. Bb2 b6 7. Be2 Bb7 8. O-O c5 9. cxd5 Nxd5 10. Rc1 Nxc3 11. Bxc3 Bf6 12. Bxf6 Qxf6 13. d4 cxd4 14. Qxd4 Nc6 15. Qd7 Nd8 16. Rc7 Bd5 17. Rfc1 g6 18. Nd4 a5 19. Bf3 Bxf3 20. Nxf3 e5 21. Qd5 Re8 22. Qxa8 1-0

[Event "Early-Titled-Tuesday-Blitz-October-24-2023"]
[Site "Chess.com"]
[Date "2023.10.24"]
[Round "5"]
[White "UmarovSabir"]
[Black "Masterbeaterr"]
[Result "1-0"]
[WhiteElo "2326"]
[BlackElo "2430"]
[TimeControl "180+1"]
[EndTime "8:50:44 PDT"]
[Termination "UmarovSabir won by resignation"]

1. e4 e5 2. Nf3 Nc6 3. Bc4 Nf6 4. d3 h6 5. a3 d6 6. Nc3 g6 7. h3 Bg7 8. Be3 O-O 9. Qd2 Kh7 10. g4 Nd7 11. g5 h5 12. Nd5 Ne7 13. Nf6+ Nxf6 14. gxf6 Bxf6 15. Ng5+ Kg7 16. Rg1 d5 17. exd5 Nxd5 18.
Bxd5 Qxd5 19. Ne4 Bf5 20. Bh6+ 1-0

[Event "Early-Titled-Tuesday-Blitz-October-24-2023"]
[Site "Chess.com"]
[Date "2023.10.24"]
[Round "5"]
[White "SlavenPastar"]
[Black "Alex_Sahakyan2006"]
[Result "0-1"]
[WhiteElo "2603"]
[BlackElo "2746"]
[TimeControl "180+1"]
[EndTime "8:51:30 PDT"]
[Termination "Alex_Sahakyan2006 won by checkmate"]

1. b3 e5 2. Bb2 e4 3. d3 exd3 4. cxd3 d5 5. g3 c6 6. Nf3 Nf6 7. Bg2 Bb4+ 8. Nbd2 O-O 9. O-O Re8 10. a3 Bf8 11. b4 a5 12. Rb1 axb4 13. axb4 Na6 14. b5 cxb5 15. Bxf6 Qxf6 16. Rxb5 Nc7 17. Rb1 Bc5 18.
e3 d4 19. Nb3 dxe3 20. Nxc5 e2 21. Qc2 exf1=Q+ 22. Rxf1 Ra1 23. Ne4 Rxf1+ 24. Bxf1 Qxf3 25. Qxc7 Qd1 26. Nd6 Qxf1+ 27. Kxf1 Bh3+ 28. Kg1 Re1# 0-1

[Event "Early-Titled-Tuesday-Blitz-October-24-2023"]
[Site "Chess.com"]
[Date "2023.10.24"]
[Round "5"]
[White "Hovik_Hayrapetyan"]
[Black "SnekkerAndersen"]
[Result "1-0"]
[WhiteElo "2805"]
[BlackElo "2509"]
[TimeControl "180+1"]
[EndTime "8:51:36 PDT"]
[Termination "Hovik_Hayrapetyan won by checkmate"]

1. d4 d5 2. c4 e6 3. Nc3 Nf6 4. Nf3 Be7 5. Bf4 O-O 6. e3 b6 7. Bd3 c5 8. dxc5 bxc5 9. O-O Bb7 10. Rc1 Nbd7 11. cxd5 exd5 12. b3 Qa5 13. Qd2 Rfe8 14. Nxd5 Qxd2 15. Nxe7+ Rxe7 16. Nxd2 Nd5 17. Bg3 Nb4 18.
Bb1 Rc8 19. Nc4 Ba6 20. Rfd1 Nb6 21. Nd6 Rc6 22. Nf5 Re8 23. Ne7+ Rxe7 24. Rd8+ Re8 25. Rxe8# 1-0

[Event "Early-Titled-Tuesday-Blitz-October-24-2023"]
[Site "Chess.com"]
[Date "2023.10.24"]
[Round "5"]
[White "kleinebeer98"]
[Black "draksbg"]
[Result "1-0"]
[WhiteElo "2844"]
[BlackElo "2621"]
[TimeControl "180+1"]
[EndTime "8:51:38 PDT"]
[Termination "kleinebeer98 won by resignation"]

1. e4 c5 2. Nf3 Nc6 3. d4 cxd4 4. Nxd4 Nf6 5. Nc3 h5 6. Bc4 e6 7. O-O a6 8. h3 Qc7 9. Be3 Ne5 10. Bb3 Neg4 11. hxg4 Nxg4 12. Nf3 Nxe3 13. fxe3 Bc5 14. e5 Bxe3+ 15. Kh1 Bf4 16. Ne4 O-O 17. Nfg5 1-0

[Event "Early-Titled-Tuesday-Blitz-October-24-2023"]
[Site "Chess.com"]
[Date "2023.10.24"]
[Round "5"]
[White "Sanan_Sjugirov"]
[Black "louis198"]
[Result "1-0"]
[WhiteElo "2945"]
[BlackElo "2678"]
[TimeControl "180+1"]
[EndTime "8:51:42 PDT"]
[Termination "Sanan_Sjugirov won by resignation"]

1. d4 Nf6 2. c4 d6 3. Nf3 g6 4. Nc3 Bg7 5. e4 O-O 6. Be2 Nbd7 7. O-O e5 8. d5 Nc5 9. Nd2 a5 10. b3 Bd7 11. Rb1 b6 12. a3 Kh8 13. Qc2 Ng8 14. b4 axb4 15. axb4 Na4 16. Nb5 c6 17. dxc6 Bxc6 18. Ra1 Nc5 19. Rxa8 Qxa8 20. bxc5 dxc5 21. Nc7 Qb7 22. Nd5 f5 23. Bb2 b5 24. cxb5 Bxd5 25. exd5 Qxd5 26. Bc4 Qd6 27. Bxg8 Rxg8 28. Nc4 Qb8 29. b6 Rd8 30. h3 h6 31. Re1 e4 32.
Bxg7+ Kxg7 33. Rd1 Rd4 34. Qc3 Qd8 35. b7 Kh7 36.
Rxd4 cxd4 37. Qb4 Qb8 38. Qe7+ 1-0

[Event "Early-Titled-Tuesday-Blitz-October-24-2023"]
[Site "Chess.com"]
[Date "2023.10.24"]
[Round "5"]
[White "Payyappat"]
[Black "Daffidollchess2"]
[Result "1-0"]
[WhiteElo "2513"]
[BlackElo "2678"]
[TimeControl "180+1"]
[EndTime "8:51:45 PDT"]
[Termination "Payyappat won by resignation"]

1. e4 c5 2. Nf3 Nc6 3. d4 cxd4 4. Nxd4 Qc7 5. Nc3 e6 6. Be3 a6 7. Be2 b5 8. O-O Bb7 9. a3 Nf6 10. f4 d6 11. Bf3 Be7 12. g4 Nxd4 13. Bxd4 e5 14.
Be3 exf4 15. Bxf4 Nd7 16. Kh1 Ne5 17. Bg2 O-O 18. Ne2 Nxg4 19. Nd4 Ne5 20. Nf5 Rfd8 21. Qh5 Bf8 22. Rae1 Bc8 23. Re3 g6 24. Nh6+ Kg7 25.
Qh4 Be7 26. Bxe5+ 1-0

[Event "Early-Titled-Tuesday-Blitz-October-24-2023"]
[Site "Chess.com"]
[Date "2023.10.24"]
[Round "5"]
[White "Korchmar_Vasiliy"]
[Black "sjoerd893"]
[Result "1-0"]
[WhiteElo "2771"]
[BlackElo "2528"]
[TimeControl "180+1"]
[EndTime "8:51:47 PDT"]
[Termination "Korchmar_Vasiliy won by resignation"]

1. e4 c5 2. d4 cxd4 3. Qxd4 Nc6 4. Qd3 g6 5. Nc3 Bg7 6. Nf3 Nf6 7. Be2 O-O 8. O-O d6 9. Nd5 Bg4 10. c3 Rc8 11.
Bg5 Nxd5 12. exd5 Bxf3 13. Qxf3 Ne5 14. Qe3 h6 15. Bxh6 Bxh6 16. Qxh6 Rc5 17. Rad1 Qb6 18.
Rd4 f6 19. f4 Rxd5 20. fxe5 Rxd4 21. Qxg6+ Kh8 22. Qh6+ Kg8 23. Qg6+ Kh8 24. cxd4 Qxd4+ 25. Kh1 Qxe5 26. Rf5 Qxe2 27. Rh5+ Qxh5 28. Qxh5+ Kg7 29. Qg4+ Kf7 30. Qc4+ Kg7 31. Qc7 Rf7 32. Qxb7 e5 33.
Qd5 Rd7 34. g4 Kf8 35. h4 Ke7 36. h5 Rc7 37. h6 1-0

[Event "Early-Titled-Tuesday-Blitz-October-24-2023"]
[Site "Chess.com"]
[Date "2023.10.24"]
[Round "5"]
[White "RETURNOFTHELAGGER"]
[Black "sergeikim"]
[Result "1/2-1/2"]
[WhiteElo "2665"]
[BlackElo "2597"]
[TimeControl "180+1"]
[EndTime "8:51:50 PDT"]
[Termination "Game drawn by repetition"]

1. e4 e5 2. Nf3 Nc6 3. Bc4 Bc5 4.
c3 Nf6 5. d3 d6 6. O-O a6 7. a4 Ba7 8. Nbd2 O-O 9. Re1 Nh5 10.
Nf1 Qf6 11. Ne3 Nf4 12. Nd5 Nxd5 13. exd5 Nb8 14. d4 Bg4 15. Be2 Bxf3 16. Bxf3 exd4 17. cxd4 Bxd4 18. Re4 Bc5 19. Rf4 Qe5 20. Re4 Qf6 21. Rf4 Qe5 22. Re4 Qf6 1/2-1/2

[Event "Early-Titled-Tuesday-Blitz-October-24-2023"]
[Site "Chess.com"]
[Date "2023.10.24"]
[Round "5"]
[White "OparinGrigoriy"]
[Black "carokannlover213"]
[Result "1-0"]
[WhiteElo "2990"]
[BlackElo "2746"]
[TimeControl "180+1"]
[EndTime "8:51:54 PDT"]
[Termination "OparinGrigoriy won by checkmate"]

1. c4 e5 2. Nc3 Nf6 3. Nf3 Nc6 4. g3 d5 5. cxd5 Nxd5 6. Bg2 Bc5 7. O-O O-O 8. d3 Nb6 9. a3 a5 10. Bd2 Be6 11. Rc1 Be7 12. Ne4 f6 13. Nc5 Bxc5 14. Rxc5 Bd5 15. Be3 Kh8 16. Qc2 a4 17. Rc1 Bb3 18.
Qd2 Nd5 19. Nh4 Rc8 20. Rb5 Nxe3 21. Qxe3 Nd4 22. Rxb7 Bd5 23. Ra7 Bxg2 24. Kxg2 Rb8 25. Rcxc7 Rg8 26. Ng6+ hxg6 27. Qh6+ gxh6 28. Rh7# 1-0

[Event "Early-Titled-Tuesday-Blitz-October-24-2023"]
[Site "Chess.com"]
[Date "2023.10.24"]
[Round "5"]
[White "Chernov_Mikhail"]
[Black "THE_PLAYER6"]
[Result "0-1"]
[WhiteElo "2394"]
[BlackElo "2566"]
[TimeControl "180+1"]
[EndTime "8:52:14 PDT"]
[Termination "THE_PLAYER6 won by resignation"]

1. d4 Nf6 2. Nc3 d5 3. Bf4 a6 4. e3 c5 5. Nf3 Nc6 6. dxc5 e6 7. Bd3 Bxc5 8. O-O b5 9. e4 dxe4 10. Nxe4 Nxe4 11. Bxe4 Bb7 12. Qe2 Qe7 13. Rad1 h6 14. c3 O-O 15. Rfe1 Rad8 16. Bc2 Rxd1 17. Rxd1 Rd8 18.
Rxd8+ Nxd8 19. Qd3 f5 20. Ne5 g5 21. Ng6 Qe8 22.
Bd6 Be4 0-1

[Event "Early-Titled-Tuesday-Blitz-October-24-2023"]
[Site "Chess.com"]
[Date "2023.10.24"]
[Round "5"]
[White "GrigorGrigorov"]
[Black "DarZay"]
[Result "0-1"]
[WhiteElo "2881"]
[BlackElo "2260"]
[TimeControl "180+1"]
[EndTime "8:52:16 PDT"]
[Termination "DarZay won by resignation"]

1. d4 d5 2. c4 e6 3. Nf3 Be7 4. g3 Nf6 5. Bg2 O-O 6. O-O c6 7.
Qc2 Ne4 8. b3 f5 9. Bb2 Bf6 10.
Nbd2 Nd7 11. Ne5 Bxe5 12. dxe5 Nxd2 13. Qxd2 b6 14. cxd5 cxd5 15. Rac1 Bb7 16. Bd4 Rc8 17. Rxc8 Qxc8 18. Rc1 Nc5 19. Qe3 Qd7 20. Bxc5 bxc5 21. Rxc5 d4 22. Qf4 Bxg2 23. Kxg2 d3 24. exd3 Qxd3 25. Rc7 Qd5+ 26. Kh3 h6 27. Rxa7 g5 28. Qc4 g4+ 29. Kh4 Qd8+ 0-1

[Event "Early-Titled-Tuesday-Blitz-October-24-2023"]
[Site "Chess.com"]
[Date "2023.10.24"]
[Round "5"]
[White "IriBu"]
[Black "Tssunami"]
[Result "1-0"]
[WhiteElo "2583"]
[BlackElo "2422"]
[TimeControl "180+1"]
[EndTime "8:52:17 PDT"]
[Termination "IriBu won by resignation"]

1. e4 c6 2. d3 d5 3. Nd2 Qc7 4. Ngf3 e5 5. g3 g6 6. Bg2 Bg7 7. O-O Ne7 8. Re1 d4 9. a4 O-O 10. Nc4 Be6 11. b3 h6 12. Ba3 Rd8 13. Bxe7 Qxe7 14.
Ncxe5 Bxb3 15. Nxg6 fxg6 16. cxb3 Na6 17. Qc2 Kh7 18.
e5 Nb4 19. Qd2 a5 20. Nh4 Qg5 21. f4 Qg4 22. Be4 Kg8 23. Bxg6 Nd5 24. Bf5 Qh5 25.
Be6+ Kh8 26. Bxd5 cxd5 27. Rac1 Rdc8 28. f5 Qg4 29. f6 Bf8 30. e6 Rxc1 31. Qxc1 Kh7 32.
e7 Bxe7 33. fxe7 Re8 34. Qf4 Qg7 35. Qf5+ Kg8 36. Qg6 Rxe7 37. Rxe7 1-0

[Event "Early-Titled-Tuesday-Blitz-October-24-2023"]
[Site "Chess.com"]
[Date "2023.10.24"]
[Round "5"]
[White "giomar27"]
[Black "fen_fire"]
[Result "0-1"]
[WhiteElo "2365"]
[BlackElo "2550"]
[TimeControl "180+1"]
[EndTime "8:52:20 PDT"]
[Termination "fen_fire won by checkmate"]

1. e4 g6 2. d4 Nf6 3. e5 Nh5 4. Nc3 d5 5. f4 Ng7 6. Nf3 Bg4 7. Be3 Nf5 8. Bf2 h5 9. Bd3 e6 10. h3 Bxf3 11. Qxf3 h4 12. O-O c6 13. Ne2 Be7 14.
b3 Qc7 15. c4 Nd7 16. c5 b6 17. b4 bxc5 18. bxc5 Kf8 19. Rab1 Kg7 20. Rb3 Rhb8 21. Rfb1 Rxb3 22. Rxb3 Rb8 23. Bc2 Qa5 24. Rxb8 Nxb8 25. Qb3 Nd7 26. Kf1 Qd2 27. Be1 Qxc2 28. Qb7 Nxc5 29.
dxc5 Bxc5 30. Bf2 Qd1+ 31. Be1 Ne3+ 32. Kf2 Nc2+ 33. Kf3 Nd4+ 34. Kg4 Qxe2+ 35. Kxh4 Nf5+ 36. Kg5 Qh5# 0-1

[Event "Early-Titled-Tuesday-Blitz-October-24-2023"]
[Site "Chess.com"]
[Date "2023.10.24"]
[Round "5"]
[White "ferrufino64"]
[Black "AsaHoffmann"]
[Result "0-1"]
[WhiteElo "2202"]
[BlackElo "2388"]
[TimeControl "180+1"]
[EndTime "8:52:20 PDT"]
[Termination "AsaHoffmann won by resignation"]

1. e4 d6 2. d4 Nf6 3. Nc3 c6 4. a4 Qa5 5. Bd3 e5 6. Ne2 Be7 7. O-O O-O 8. Bg5 Nbd7 9. Rb1 exd4 10. Bxf6 Bxf6 11. b4 Qc7 12. Na2 a5 13. b5 c5 14. c4 Nb6 15. f4 Re8 16. Qc2 g6 17. Rbe1 Nd7 18. Nac1 b6 19. f5 Kg7 20. fxg6 hxg6 21.
Nf4 Bb7 22. Rf2 Ne5 23. Ref1 Bg5 24. Nce2 Re7 25. Nd5 Bxd5 26. exd5 Be3 27. Kh1 Bxf2 28. Rxf2 Rae8 29. Ng3 Nxd3 30. Qxd3 Re3 31. Qd2 Qe7 32. Nf1 Re2 33. Qf4 0-1

[Event "Early-Titled-Tuesday-Blitz-October-24-2023"]
[Site "Chess.com"]
[Date "2023.10.24"]
[Round "5"]
[White "KVAIDAN"]
[Black "WFM_Sara_Adel"]
[Result "1-0"]
[WhiteElo "2376"]
[BlackElo "2176"]
[TimeControl "180+1"]
[EndTime "8:52:21 PDT"]
[Termination "KVAIDAN won by resignation"]

1. f4 Nf6 2. Nf3 d6 3. d3 Nc6 4. e4 g6 5. Be2 Bg7 6. O-O O-O 7.
Nc3 e5 8. Qe1 exf4 9. Bxf4 Nh5 10. Be3 f5 11. Rd1 f4 12. Bc1 g5 13. Nd2 Bd4+ 14.
Kh1 Ng3+ 15. hxg3 Qf6 16. Nf3 Qh6+ 17. Nh2 fxg3 18. Qxg3 Rxf1+ 19. Rxf1 Be5 20. Qxg5+ Qxg5 21. Bxg5 Nd4 22. Bd1 Be6 23. Nd5 Nb5 24. c3 c6 25.
Nf6+ Kg7 26. Nfg4 Bxh2 27. Kxh2 h5 28. Ne3 Bxa2 29. Bxh5 Rh8 30. Bf6+ 1-0

[Event "Early-Titled-Tuesday-Blitz-October-24-2023"]
[Site "Chess.com"]
[Date "2023.10.24"]
[Round "5"]
[White "LastHeroJr"]
[Black "PinaSoprano"]
[Result "0-1"]
[WhiteElo "2447"]
[BlackElo "2214"]
[TimeControl "180+1"]
[EndTime "8:52:24 PDT"]
[Termination "PinaSoprano won by resignation"]

1. e4 c5 2. Nc3 Nc6 3. g3 g6 4. Bg2 Bg7 5. d3 e6 6. f4 Nge7 7. Nf3 O-O 8. O-O b6 9. Rb1 Bb7 10. e5 d5 11. Nb5 Nf5 12. g4 a6 13. gxf5 axb5 14. f6 Bh8 15. c3 b4 16. Be3 Rxa2 17. Qe1 d4 18. cxd4 Nxd4 19. Bxd4 Bxf3 20. Rxf3 Qxd4+ 21. Kh1 Rxb2 22. Rd1 Ra8 23. Qh4 Raa2 24. Rh3 h5 25.
Rg3 Rd2 26. Rg1 Ra1 27. Be4 Rdd1 28. Rxd1 Rxd1+ 29. Kg2 Qg1+ 30. Kh3 Qf1+ 31. Bg2 Qe2 32. Be4 Kh7 33. Qxh5+ Qxh5+ 0-1

[Event "Early-Titled-Tuesday-Blitz-October-24-2023"]
[Site "Chess.com"]
[Date "2023.10.24"]
[Round "5"]
[White "santosalberto1987"]
[Black "deribas12345"]
[Result "0-1"]
[WhiteElo "2408"]
[BlackElo "2569"]
[TimeControl "180+1"]
[EndTime "8:52:29 PDT"]
[Termination "deribas12345 won by resignation"]

1. e4 c5 2. Nf3 d6 3. Bb5+ Bd7 4. Bxd7+ Qxd7 5. c4 Nc6 6. d4 cxd4 7. Nxd4 g6 8.
Nc3 Bg7 9. Be3 Nf6 10. f3 O-O 11. b3 e6 12. O-O d5 13. Nxc6 bxc6 14. e5 Ne8 15. f4 Nc7 16. Na4 Rfd8 17. Qd2 dxc4 18.
Qxd7 Rxd7 19. bxc4 Rd3 20. Kf2 Bf8 21. Rfd1 Ra3 22.
Rd7 Rxa4 23. Rxc7 Rxc4 24. Rxa7 Rb8 25. Rc1 Rxc1 26. Bxc1 Bc5+ 27. Be3 Bxa7 28. Bxa7 Ra8 29. Bc5 Rxa2+ 30. Kf3 Rc2 31. Bd6 c5 32. h4 h5 33. g3 c4 34. Bb4 Rb2 35. Bc5 c3 36.
Bd4 Rb3 37. Ke2 c2 38. Kd2 Rd3+ 0-1

[Event "Early-Titled-Tuesday-Blitz-October-24-2023"]
[Site "Chess.com"]
[Date "2023.10.24"]
[Round "5"]
[White "Felix-Rose"]
[Black "Ural_bogatyr"]
[Result "0-1"]
[WhiteElo "2307"]
[BlackElo "2551"]
[TimeControl "180+1"]
[EndTime "8:52:32 PDT"]
[Termination "Ural_bogatyr won by resignation"]

1. e4 e5 2. Nf3 Nc6 3. Bb5 a6 4. Ba4 Bc5 5. c3 Nge7 6. O-O Ba7 7. d4 Ng6 8. Bxc6 dxc6 9. dxe5 Qxd1 10. Rxd1 Bg4 11.
h3 Bxf3 12. gxf3 Nxe5 13. f4 Ng6 14. Be3 f5 15. exf5 Nh4 16. Bxa7 Rxa7 17. f6 gxf6 18. Nd2 Ra8 19. Ne4 Ke7 20. Rd3 Rhg8+ 21. Kf1 Rad8 22.
Rad1 Rxd3 23. Rxd3 b6 24. Rd7+ Kxd7 25. Nxf6+ Ke6 26. Nxg8 Nf5 0-1

[Event "Early-Titled-Tuesday-Blitz-October-24-2023"]
[Site "Chess.com"]
[Date "2023.10.24"]
[Round "5"]
[White "Magila31"]
[Black "LiemLe"]
[Result "0-1"]
[WhiteElo "2389"]
[BlackElo "2957"]
[TimeControl "180+1"]
[EndTime "8:52:35 PDT"]
[Termination "LiemLe won by resignation"]

1. Nf3 d5 2. g3 g6 3. Bg2 Bg7 4. d4 Nf6 5. O-O O-O 6. Nbd2 a5 7. a4 Nc6 8. c3 Re8 9. Nb3 e5 10. dxe5 Nxe5 11. Nxe5 Rxe5 12. Bf4 Re8 13. e4 Nxe4 14. Re1 Bf5 15. f3 Nf6 16. Rxe8+ Nxe8 17. g4 Be6 18. Nc5 c6 19. Nxe6 fxe6 20. Qe2 Qf6 21. Bg3 e5 22. Re1 Nd6 23. Bxe5 Qxe5 24. Qxe5 Bxe5 25.
Rxe5 Nc4 26. Re7 Nxb2 27. Rxb7 Nxa4 28. c4 d4 29. f4 Ra6 30. Rd7 Nc3 31. Bf1 c5 0-1

[Event "Early-Titled-Tuesday-Blitz-October-24-2023"]
[Site "Chess.com"]
[Date "2023.10.24"]
[Round "5"]
[White "MKlose11"]
[Black "Levanzovsky"]
[Result "1-0"]
[WhiteElo "2634"]
[BlackElo "2477"]
[TimeControl "180+1"]
[EndTime "8:52:37 PDT"]
[Termination "MKlose11 won by resignation"]

1. e4 c5 2. Nc3 Nc6 3. g3 e6 4. Bg2 Nf6 5. d3 d5 6. Nge2 Be7 7. O-O O-O 8. exd5 Nxd5 9. Nxd5 exd5 10. d4 Bg4 11. dxc5 Bxc5 12. h3 Bh5 13. g4 Bg6 14. Nf4 d4 15. a3 a5 16. Nxg6 hxg6 17. Qd3 Qd6 18. Bd2 Rfe8 19. Rfe1 Bb6 20. Qb5 Bc7 21. Qxb7 Ne5 22. Bf4 Nf3+ 23. Qxf3 Qxf4 24. Qxf4 Bxf4 25. Bxa8 Rxa8 26. Re4 g5 27. Rd1 Rb8 28. b3 a4 29.
bxa4 Rb2 30. Rexd4 Rxc2 31. a5 Ra2 32. Ra4 1-0

[Event "Early-Titled-Tuesday-Blitz-October-24-2023"]
[Site "Chess.com"]
[Date "2023.10.24"]
[Round "5"]
[White "kidagent"]
[Black "whiteglovethief"]
[Result "0-1"]
[WhiteElo "2273"]
[BlackElo "2434"]
[TimeControl "180+1"]
[EndTime "8:52:37 PDT"]
[Termination "whiteglovethief won by resignation"]

1. c4 g6 2. g3 Bg7 3. Bg2 e5 4. Nc3 Ne7 5. e3 O-O 6. Nge2 c6 7. d4 exd4 8. exd4 d5 9. b3 dxc4 10.
bxc4 c5 11. d5 Bg4 12. Bd2 Nf5 13. f3 Bh5 14. O-O Bd4+ 15. Nxd4 cxd4 16. Ne4 Nd7 17. g4 Ne3 18. Bxe3 dxe3 19. gxh5 f5 20. Ng3 f4 21.
hxg6 fxg3 22. gxh7+ Kxh7 23. Qd3+ Kh8 24. Qxe3 gxh2+ 25. Kh1 Qh4 26. Rae1 Nf6 27. Qc3 Kg8 28. Re7 Nh5 0-1

[Event "Early-Titled-Tuesday-Blitz-October-24-2023"]
[Site "Chess.com"]
[Date "2023.10.24"]
[Round "5"]
[White "carloseduar100"]
[Black "Kirill_Klukin"]
[Result "0-1"]
[WhiteElo "2320"]
[BlackElo "2642"]
[TimeControl "180+1"]
[EndTime "8:52:52 PDT"]
[Termination "Kirill_Klukin won by resignation"]

1. e4 c5 2. Nf3 g6 3. Nc3 Bg7 4. Bc4 Nc6 5. O-O e6 6. a4 Nge7 7. Re1 O-O 8. b3 d5 9. exd5 exd5 10. Bb5 a6 11. Bxc6 Nxc6 12. Bb2 Bg4 13. h3 Bf5 14. Qc1 Qd7 15. Ne2 d4 16. d3 Rfe8 17. Ng3 Be6 18.
Ng5 Bd5 19. Qf4 Ne5 20. N3e4 Qc6 21. Ba3 b6 22. a5 h6 23. Nf3 f5 24. Ned2 Nxf3+ 25. Nxf3 b5 26. Rxe8+ Rxe8 27. Re1 Bxf3 28. Rxe8+ Qxe8 29. Qxf3 b4 30. Qc6 Qxc6 0-1

[Event "Early-Titled-Tuesday-Blitz-October-24-2023"]
[Site "Chess.com"]
[Date "2023.10.24"]
[Round "5"]
[White "ural58"]
[Black "johnmez"]
[Result "0-1"]
[WhiteElo "2524"]
[BlackElo "2330"]
[TimeControl "180+1"]
[EndTime "8:52:53 PDT"]
[Termination "johnmez won by resignation"]

1. e4 e6 2. d4 d5 3. Nc3 Bb4 4.
Ne2 dxe4 5. a3 Bxc3+ 6. Nxc3 Nf6 7. Bg5 Nbd7 8. Nxe4 h6 9. Nxf6+ Nxf6 10. Be3 O-O 11. Bd3 b6 12. Qf3 Qd5 13. Qxd5 Nxd5 14. Bd2 Nf6 15.
O-O-O Bb7 16. f3 Rad8 17. Be3 Nd5 18. Bf2 Nf4 19. Bf1 Rd7 20. Bg3 Nd5 21. Be2 Ne3 22.
Rd3 Nf5 23. Bf2 Ba6 24. Rd2 Bxe2 25. Rxe2 Nxd4 26. Rd2 Rfd8 27. Rhd1 Ne2+ 0-1

[Event "Early-Titled-Tuesday-Blitz-October-24-2023"]
[Site "Chess.com"]
[Date "2023.10.24"]
[Round "5"]
[White "campochess"]
[Black "Juicy_Fork"]
[Result "0-1"]
[WhiteElo "2189"]
[BlackElo "2444"]
[TimeControl "180+1"]
[EndTime "8:52:55 PDT"]
[Termination "Juicy_Fork won by resignation"]

1. e4 e5 2. Bc4 Nf6 3. d3 Nc6 4. c3 Be7 5. Bg5 O-O 6. Nf3 a6 7. a4 d6 8. h3 h6 9. Be3 d5 10.
exd5 Nxd5 11. O-O Be6 12. Nbd2 f5 13. Nb3 Nxe3 14. fxe3 Bxc4 15. dxc4 Bf6 16. Qe2 Qe7 17. c5 Qe6 18. Ra3 Rad8 19. Rd1 Rxd1+ 20. Qxd1 Rd8 21.
Qe2 Qd5 22. Nbd2 Qd3 23. Qxd3 Rxd3 24. Kf2 e4 25. Nd4 Rxd2+ 26. Kg3 Be5+ 27. Kh4 Rxg2 28. Nxf5 Bf6+ 29. Kh5 Kh7 0-1

[Event "Early-Titled-Tuesday-Blitz-October-24-2023"]
[Site "Chess.com"]
[Date "2023.10.24"]
[Round "5"]
[White "blitzking1729"]
[Black "Suleyman_Chess06"]
[Result "1-0"]
[WhiteElo "2811"]
[BlackElo "2599"]
[TimeControl "180+1"]
[EndTime "8:52:58 PDT"]
[Termination "blitzking1729 won by resignation"]

1. e4 e6 2. Nf3 d5 3. Nc3 Nf6 4. e5 Nfd7 5. d4 c5 6. dxc5 Nc6 7. Bf4 Bxc5 8. Bd3 Qb6 9. O-O Qxb2 10. Nb5 O-O 11.
Bd2 a6 12. Bc3 Qxb5 13. Bxb5 axb5 14. Qe2 b4 15. Bd2 b6 16. Rfd1 Ba6 17. Qe1 Bc4 18. h4 Bxa2 19. h5 b3 20. cxb3 Bxb3 21. Rxa8 Rxa8 22. Rc1 Bc4 23. Be3 b5 24. h6 g6 25. Bxc5 Nxc5 26. Qe3 Nd3 27. Qg5 Nxc1 28. Qf6 Kf8 29. Qh8+ Ke7 30. Qxa8 Nd8 31. Qa3+ Kd7 32.
Qxc1 b4 33. Ng5 b3 34. Nxh7 Nc6 35. Nf6+ Kc7 36. h7 Nd4 37. Qa3 1-0

[Event "Early-Titled-Tuesday-Blitz-October-24-2023"]
[Site "Chess.com"]
[Date "2023.10.24"]
[Round "5"]
[White "yosephtaher"]
[Black "masterofpuppets2"]
[Result "0-1"]
[WhiteElo "2758"]
[BlackElo "2554"]
[TimeControl "180+1"]
[EndTime "8:52:58 PDT"]
[Termination "masterofpuppets2 won by resignation"]

1. d4 Nf6 2. Nc3 d5 3. Bf4 g6 4. e3 Bg7 5. h4 c6 6. h5 Nxh5 7. Rxh5 gxh5 8. Qxh5 Nd7 9. Nf3 Nf6 10. Qh2 Bf5 11.
O-O-O Qd7 12. Ne5 Qe6 13. f3 O-O-O 14. g4 Bg6 15. Bh3 Nd7 16. Nd3 h5 17. gxh5 Bf5 18. Bf1 Bh6 19. Kb1 Bxf4 20. Nxf4 Qd6 21. Qh4 Qf6 22. Qf2 e5 23. dxe5 Nxe5 24. Be2 Kb8 25.
Qh2 Ka8 26. a3 Qg5 27. Nfxd5 cxd5 28. Qxe5 Bxc2+ 29. Kxc2 Qxe5 30. Rd3 d4 31. f4 Qf5 32.
e4 Qxf4 33. Nb5 a6 34. Nxd4 Qe5 35. Nf3 Qxe4 36. Kd2 Rxd3+ 0-1

[Event "Early-Titled-Tuesday-Blitz-October-24-2023"]
[Site "Chess.com"]
[Date "2023.10.24"]
[Round "5"]
[White "Larina_Maria"]
[Black "maurovargas01"]
[Result "1-0"]
[WhiteElo "2227"]
[BlackElo "1880"]
[TimeControl "180+1"]
[EndTime "8:53:02 PDT"]
[Termination "Larina_Maria won by resignation"]

1. e4 c5 2. Nc3 Nc6 3. g3 g6 4. Bg2 Bg7 5. d3 e6 6. Be3 b6 7. Qd2 Rb8 8. Nge2 d6 9. d4 Na5 10.
b3 h5 11. Rd1 Ne7 12. dxc5 bxc5 13. Qxd6 Qxd6 14. Rxd6 O-O 15. O-O Re8 1-0

[Event "Early-Titled-Tuesday-Blitz-October-24-2023"]
[Site "Chess.com"]
[Date "2023.10.24"]
[Round "5"]
[White "Martial2008"]
[Black "BJthechessgod"]
[Result "0-1"]
[WhiteElo "2633"]
[BlackElo "2405"]
[TimeControl "180+1"]
[EndTime "8:53:24 PDT"]
[Termination "BJthechessgod won by resignation"]

1. d4 Nf6 2. Nf3 d5 3. Bf4 Bf5 4. e3 e6 5. Nbd2 c6 6. Be2 h6 7.
Ne5 Nbd7 8. g4 Bh7 9. h4 Nxe5 10. dxe5 Nd7 11. g5 hxg5 12. hxg5 Bxc2 13. Rxh8 Bxd1 14. Rxd1 Qa5 15. a3 O-O-O 16. Kf1 Be7 17. Rh7 Rg8 18. Bh5 Nf8 19. Bxf7 Nxh7 20. Bxe6+ Kd8 21. Bxg8 Nxg5 22. Kg2 Ke8 23. Nb3 Qa4 24. Nd4 Qxd1 0-1

[Event "Early-Titled-Tuesday-Blitz-October-24-2023"]
[Site "Chess.com"]
[Date "2023.10.24"]
[Round "5"]
[White "Giorno"]
[Black "suspiciumchess"]
[Result "1-0"]
[WhiteElo "2547"]
[BlackElo "2292"]
[TimeControl "180+1"]
[EndTime "8:53:27 PDT"]
[Termination "Giorno won by checkmate"]

1. b3 d5 2. Bb2 Nd7 3. Nf3 c6 4.
e3 Qc7 5. c4 e5 6. cxd5 cxd5 7.
Nc3 Ngf6 8. Rc1 Qb8 9. Nb5 Bd6 10.
Nxd6+ Qxd6 11. Be2 O-O 12. O-O Re8 13. Qc2 Nf8 14. d4 e4 15. Ne5 Ng6 16. Qc7 Qxc7 17.
Rxc7 Nxe5 18. dxe5 Nd7 19. Bb5 Rd8 20. Rfc1 a6 21.
Bxd7 Bxd7 22. Rxb7 Be6 23. h3 Rac8 24. Rbc7 Rxc7 25.
Rxc7 h5 26. Bd4 Kh7 27. Ra7 Bc8 28. Rxf7 Kg6 29. Ra7 Rd7 30. Ra8 Rc7 31. Kh1 Kf5 32. Kh2 Ke6 33. h4 Rc2 34. Kg3 Bb7 35. Ra7 Kf7 36. Rxb7+ Ke6 37. Rxg7 Rxa2 38. Rg6+ Kf5 39. Rf6# 1-0

[Event "Early-Titled-Tuesday-Blitz-October-24-2023"]
[Site "Chess.com"]
[Date "2023.10.24"]
[Round "5"]
[White "MokshAD1603"]
[Black "mind1mover"]
[Result "1-0"]
[WhiteElo "2627"]
[BlackElo "2797"]
[TimeControl "180+1"]
[EndTime "8:53:28 PDT"]
[Termination "MokshAD1603 won on time"]

1. c4 e5 2. g3 Nc6 3. Bg2 Nf6 4. Nc3 Bb4 5. Nd5 a5 6. e3 Nxd5 7. cxd5 Ne7 8. Ne2 c6 9. a3 Bc5 10. d4 exd4 11. exd4 Bd6 12. Nc3 cxd5 13. O-O O-O 14.
Re1 Re8 15. Bg5 h6 16. Bxe7 Bxe7 17. Nxd5 d6 18. Rc1 Rb8 19. Qe2 Kf8 20. Nc7 Bd7 21. Nxe8 Qxe8 22. Rc7 Qd8 23. Rxb7 Rxb7 24. Bxb7 Bf6 25.
d5 Qb6 26. Bc8 Bb5 27. Qe3 Qb8 28. Bh3 h5 29. Qb3 a4 30. Qb4 g6 31. Bf1 1-0